AoeStats
← nikikiker

Lombardia

509149744Analyzed
3v3 RM · 6d ago on Sep 25, 2026· 39m 15s· 6 players
Game mode
Random Map
Map size
Normal (6 player)
Population
200
Speed
Normal
Resources
Standard
Victory
Conquest
Starting age
Dark Age
Ending age
Imperial Age
RankedLock teamsTeams togetherTeam positionsShared explorationLock speedFull tech treeHidden civsTurbo modeCheats
Victory
Defeat
🇩🇪 Poles · Germany
1229
+18
🇺🇦 Britons · Ukraine
1226
+19
🇧🇷 Gurjaras · Brazil
1225
+19
🇦🇷 Mongols · Argentina
1414
-24
🇦🇷 Varangians · Argentina
1245
-17
🇦🇷 Saxons · Argentina
1188
-15
Dine'nDash
3:07 Loom
11:35 Feudal Age
11:57 Horse Collar
12:24 Double-Bit Axe
17:06 Castle Age
16:27 Bloodlines
17:10 Scale Barding Armor
17:46 Heavy Plow
24:18 Szlachta Privileges
26:57 Forging
27:12 Husbandry
29:41 Chain Barding Armor
33:13 Wheelbarrow
38:37 Imperial Age
37:26 Iron Casting
40:38 Blast Furnace
DuentePreto
7:10 Loom
9:23 Feudal Age
10:03 Double-Bit Axe
11:11 Horse Collar
20:06 Castle Age
19:05 Gold Mining
19:52 Scale Barding Armor
20:14 Bloodlines
22:14 Bow Saw
22:40 Gold Shaft Mining
22:07 Heavy Plow
25:50 Chain Barding Armor
25:35 Husbandry
29:52 Wheelbarrow
29:15 Stone Mining
32:55 Hand Cart
38:05 Imperial Age
36:35 Stone Shaft Mining
nikikiker
6:35 Loom
9:33 Feudal Age
10:36 Double-Bit Axe
13:39 Horse Collar
15:55 Fletching
22:04 Castle Age
20:41 Gold Mining
22:08 Crossbowman
22:45 Bodkin Arrow
23:19 Padded Archer Armor
24:25 Leather Archer Armor
25:35 Bow Saw
30:37 Wheelbarrow
32:05 Ballistics
32:11 Town Watch
35:42 Imperial Age
35:49 Arbalester
36:39 Bracer
37:42 Chemistry
39:02 Gold Shaft Mining
Gergis Khan
10:44 Feudal Age
11:25 Double-Bit Axe
17:55 Castle Age
18:58 Bow Saw
31:46 Loom
33:12 Scale Mail Armor
33:23 Forging
35:43 Wheelbarrow
36:23 Chain Mail Armor
Eman3007
11:19 Loom
13:34 Feudal Age
17:17 Castle Age
15:55 Double-Bit Axe
17:18 Horse Collar
17:28 Gold Mining
27:16 Scale Barding Armor
27:45 Forging
28:09 Bloodlines
27:59 Husbandry
29:26 Wheelbarrow
30:42 Chain Barding Armor
30:58 Iron Casting
32:16 Iron Casting
33:29 Bow Saw
33:34 Light Cavalry
38:44 Imperial Age
39:02 Cavalier
39:42 Husbandry
PSX | Cristov
10:07 Feudal Age
14:27 Castle Age
12:40 Double-Bit Axe
15:47 Bow Saw
19:29 Loom
26:00 Fletching
26:13 Horse Collar
27:50 Padded Archer Armor
31:15 Bodkin Arrow
Connection lost

Rejoining the realm…

Still unreachable

The connection could not be restored.

Session expired

The server has moved on; the page needs a fresh start.